 Dungeon Sprint DCSS version 0.30-a0-918-g0ff054e9dc (webtiles) character file.

Game seed: 17737202726868015073

2542 testman the Destroyer (level 9, -1/68 HPs)
             Began as an Octopode Conjurer on Mar 20, 2023.
             Was the Champion of Vehumet.
             Blown up by Ruutumir the pandemonium lord (42 damage)
             ... with a mindburst bolt
             ... in the Dungeon (Sprint V: "Ziggurat Sprint").
             The game lasted 00:15:38 (478 turns).

testman the Destroyer (Octopode Conjurer)            Turns: 478, Time: 00:15:39

Health: -1/68      AC:  1    Str: 18    XL:     9   Next: 55%
Magic:  1/36       EV: 10    Int: 43    God:    Vehumet [******]
Gold:   0          SH: 28    Dex: 16    Spells: 3/25 levels left

rFire   . . .      SeeInvis .    A - +6 Majin-Bo {spellvamp, MP+6 Int+6}
rCold   . . .      Faith    .    j - +18 shield of the Gong {Loud rN+ Will+ rCorr EV-5}
rNeg    + . .      Spirit   .    (helmet restricted)
rPois   +          Reflect  .    E - amulet of Vitality {RegenMP++ Regen++}
rElec   .          Rampage  .    v - +6 ring of intelligence
rCorr   +          NoTele   +    w - +6 ring of intelligence
Will    +....                    x - +6 ring of strength
Stlth   +++                      y - +6 ring of strength
HPRegen 1.91/turn                C - ring of magical power
MPRegen 1.05/turn                u - +6 ring of dexterity
                                 s - ring of flight
                                 B - ring of poison resistance

@: flying
A: almost no armour, amphibious, 8 rings, camouflage 1, gelatinous body 1,
(nimble swimmer 1), tentacles
a: Renounce Religion


You were in the Dungeon.
You worshipped Vehumet.
Vehumet was exalted by your worship.
You visited 1 branch

Inventory:

Hand Weapons
 A - the +6 Majin-Bo (weapon) {spellvamp, MP+6 Int+6}
   (You found it in the Dungeon)

   Int:       It affects your intelligence (+6).
   MP:        It affects your magic capacity (+6).
Armour
 j - the +18 shield of the Gong (worn) {Loud rN+ Will+ rCorr EV-5}
   (You found it in the Dungeon)

   Loud:      It is deafeningly noisy when blocking attacks.
   EV:        It affects your evasion (-5).
   rN:        It protects you from negative energy.
   rCorr:     It protects you from acid and corrosion.
   Will:      It increases your willpower.
Magical Staves
 D - the staff of air "Myorch" {rElec Str+2}
   (You found it in the Dungeon)

   [staff of air]

   Base accuracy: +5 Base damage: 5 Base attack delay: 1.2 This weapon's minimum
   attack delay (0.6) is reached at skill level 12.
   It falls into the 'Staves' category.
   It is a one-tentacled weapon.
Jewellery
 s - a ring of flight (on tentacle)
 t - a +6 ring of dexterity
 u - a +6 ring of dexterity (on tentacle)
 v - a +6 ring of intelligence (left tentacle)
 w - a +6 ring of intelligence (right tentacle)
 x - a +6 ring of strength (on tentacle)
 y - a +6 ring of strength (on tentacle)
 B - a ring of poison resistance (on tentacle)
 C - a ring of magical power (on tentacle)
 E - the amulet of Vitality (around mantle) {RegenMP++ Regen++}
   (You found it in the Dungeon)

   [amulet of magic regeneration]

   It increases your rate of magic regeneration.
   Regen:     It increases your rate of health regeneration.
 G - an amulet of the acrobat
 J - an amulet of faith
 M - a +6 ring of strength
Wands
 p - a wand of mindburst (6)
 q - a wand of iceblast (7)
 r - a wand of light (7)
Scrolls
 f - 3 scrolls of blinking
 l - 4 scrolls of amnesia
 m - 7 scrolls of fog
 n - 5 scrolls of identify
 o - 2 scrolls of fear
 I - a scroll of brand weapon
 K - 4 scrolls of enchant weapon
 L - a scroll of acquirement
Potions
 a - 7 potions of magic
 b - 10 potions of curing
 c - 8 potions of heal wounds
 d - 6 potions of haste
 e - 3 potions of berserk rage
 g - 2 potions of brilliance
 h - 2 potions of invisibility
 i - 4 potions of resistance
 k - 5 potions of might
Miscellaneous
 z - a lightning rod (4/4)
 F - a phial of floods
 H - a box of beasts


   Skills:
 + Level 9.3 Fighting
 - Level 7.0 Dodging
 - Level 2.6 Stealth
 - Level 7.1 Shields
 + Level 8.8 Spellcasting
 + Level 10.2 Conjurations
 - Level 5.6 Hexes
 - Level 4.9 Translocations
 + Level 7.0 Fire Magic
 - Level 2.2 Evocations


You had 3 spell levels left.
You knew the following spells:

 Your Spells              Type           Power      Damage    Failure   Level
a - Magic Dart            Conj           100%       1d8       1%          1
b - Searing Ray           Conj           100%       2d8       1%          2
c - Dazzling Flash        Conj/Hex       100%       N/A       1%          3
d - Fulminant Prism       Conj/Hex       36%        3d17      1%          4
e - Iskenderun's Mystic   Conj/Tloc      71%        2d14      1%          4
f - Fireball              Conj/Fire      38%        3d16      1%          5
g - Tukima's Dance        Hex            61%        N/A       1%          3

Your spell library contained the following spells:

 Spells                   Type           Power      Damage    Failure   Level
 Kindle Blastsparks       Fire/Tloc/Air  100%       2d18      1%          3
 Foxfire                  Conj/Fire      100%       2x1d9     1%          1
 Portal Projectile        Hex/Tloc       100%       N/A       1%          3
 Starburst                Conj/Fire      38%        6d11      5%          6
 Blade Hands              Tmut           9%         N/A       75%         5


Dungeon Overview and Level Annotations

Branches:
Dungeon (1/1)

Altars:
Ashenzari
Cheibriados
Dithmenos
Elyvilon
Fedhas
Gozag
Hepliaklqana
Kikubaaqudgha
Makhleb
Nemelex Xobeh
Okawaru
Qazlal
Ru
Sif Muna
Trog
Uskayaw
Vehumet
Wu Jian
Xom
Yredelemnul
Zin
The Shining One
Jiyva
Lugonu

Annotations:
D 1 transporter


Innate Abilities, Weirdness & Mutations

You cannot wear most types of armour.
You are amphibious.
You can wear up to eight rings at the same time.
Your skin changes colour to match your surroundings (Stealth+).
Your rubbery body absorbs attacks. (AC +1, EV +1)
((You are camouflaged when in or above water. (Stealth+)))
You have tentacles for arms and can constrict up to eight enemies at once.


Message History

Ruutumir is moderately wounded.
You block Ruutumir's attack.
GONNNNG!
The searing ray hits Ruutumir but does no damage.
Ruutumir is lightly wounded.
You block Ruutumir's attack.
PTOANNNG!
Ruutumir sneers, "Thy spine shall be my refection!"
Ruutumir gestures at you.
Your mind is blasted!
Casting: Searing Ray (safe; 1% risk of failure)
Confirm with . or Enter, or press ? or * to list all spells.
You erupt in a blast of force!
The mystic blast hits Ruutumir but does no damage.
Ruutumir is lightly wounded.
Ruutumir gestures at you.
You barely resist.
Casting: Iskenderun's Mystic Blast (dangerous; 1% risk of failure)
Confirm with . or Enter, or press ? or * to list all spells.
You erupt in a blast of force!
The mystic blast hits Ruutumir!
Ruutumir is moderately wounded.
Ruutumir gestures at you.
You feel your power leaking away. Ruutumir gestures at you.
Your mind is blasted!
* * * LOW HITPOINT WARNING * * *
Okay, then.
Unknown command.
Blink to where?
Press: ? - help, Dir - move target, p - Ruutumir
Found a transporter.
As you read the scroll of blinking, it crumbles to dust.
Ruutumir gestures at you.
You feel your power leaking away.
You feel much better.
Ruutumir sneers, "Begone, thou churlish tickle-brained vulture!"
Ruutumir gestures at you.
Your mind is blasted!
Ouch! That really hurt!
You die...

▓....[...▓..[.)...
▓........▓..).)...
▓....†...▓........
▓...†....▓........
▓........▓.▓....▓.
▓...©....▓...©....
▓▓▓▓▓▓▓▓▓▓▓▓▓▓▓▓▓▓
▓...8©8.. ▓..8©8..
▓@.:=))...▓..}[)..
▓...|)|...▓...)...
▓.........▓.......
▓.........▓.).....
▓.........▓....)..
▓.........▓..)....
▓.▓..&..▓.▓.▓.))▓.
▓....§....▓...©...
▓▓▓▓▓▓▓▓▓▓▓▓▓▓▓▓▓▓


You could see Ruutumir.

Vanquished Creatures
  4 merfolk (D)
  2 yaks (D)
  A ynoxinul (D)
  A basilisk (D)
  2 neqoxecs (D)
  2 orc warriors (D)
  2 black bears (D)
  3 wolves (D)
  A bullfrog (D)
  A crimson imp (D)
  2 quasits (D)
  An orc priest (D)
  2 iguanas (D)
  An orc wizard (D)
  A river rat (D)
  2 white imps (D)
  An ufetubus (D)
  An adder zombie (D)
  2 adder skeletons (D)
  2 orcs (D)
  A jackal (D)
  A quokka skeleton (D)
36 creatures vanquished.

Vanquished Creatures (others)
  17 fulminant prisms (D)
17 creatures vanquished.

Grand Total: 53 creatures vanquished

Notes
Turn   | Place    | Note
-------+----------+-------------------------------------------
     0 | D        | testman the Octopode Conjurer began the quest for the Orb.
     0 | D        | Reached XP level 1. HP: 11/11 MP: 3/3
     0 | D        | Found a shimmering blue altar of Sif Muna.
     0 | D        | Found a sacrificial altar of Ru.
     0 | D        | Found a bloodstained altar of Trog.
     0 | D        | Found a stormy altar of Qazlal.
     0 | D        | Found an iron altar of Okawaru.
     0 | D        | Found a sparkling altar of Nemelex Xobeh.
     0 | D        | Found a blossoming altar of Fedhas.
     0 | D        | Found the +6 Majin-Bo {spellvamp, MP+6 Int+6}
     0 | D        | Found the +27 heavy crossbow "Sniper" {heavy, Acc+∞ SInv}
     0 | D        | Found the +10 dark maul {heavy}
     0 | D        | Found the +15 Maxwell's patent armour {-Cast -Tele rElec
                  | Will+ rCorr}
     0 | D        | Found the +18 shield of the Gong {Loud rN+ Will+ rCorr
                  | EV-5}
     0 | D        | Found the +16 obsidian axe {drain, demonic, Mesm Drain Fly
                  | SInv}
     0 | D        | Found the +7 great mace "Firestarter" {flame, inner flame,
                  | rFlCloud rF++}
     0 | D        | Found the +6 shillelagh "Devastator" {shatter}
     0 | D        | Found the +11 plutonium sword {Contam Stlth-}
     0 | D        | Found the +8 lance "Wyrmbane" {slay drac, rPois rF+ rC+
                  | AC+3}
     0 | D        | Found the +9 sword of Zonguldrok {reap}
     0 | D        | Found the +13 scythe of Curses {drain, curses, Drain}
     0 | D        | Found the +9 sword of Power {lifebolt}
     0 | D        | Found the +7 mace of Variability {chaos, chain chaos}
     0 | D        | Found the +11 Singing Sword {sonic wave}
     0 | D        | Found the +8 storm bow {elec, penet}
     2 | D        | Found a transporter.
     2 | D        | Found an ancient bone altar of Kikubaaqudgha.
     2 | D        | Found a viscous altar of Jiyva.
     2 | D        | Found a corrupted altar of Lugonu.
     2 | D        | Found a hazy altar of Hepliaklqana.
     2 | D        | Found a burning altar of Makhleb.
     2 | D        | Found an opulent altar of Gozag.
    28 | D        | Reached skill level 5 in Conjurations
    28 | D        | Reached XP level 2. HP: 21/21 MP: 3/6
    32 | D        | Learned a level 2 spell: Searing Ray
    64 | D        | Became a worshipper of Vehumet
    82 | D        | Entered arena 2.
    82 | D        | Found a transporter.
    90 | D        | Reached skill level 1 in Shields
   165 | D        | Entered arena 3.
   165 | D        | Noticed a black bear
   165 | D        | Noticed a wolf
   165 | D        | Noticed a black bear
   165 | D        | Found a transporter.
   166 | D        | Killed a black bear
   166 | D        | Reached * piety under Vehumet
   166 | D        | Offered knowledge of Kiss of Death by Vehumet.
   167 | D        | Reached skill level 6 in Conjurations
   167 | D        | Reached XP level 3. HP: 27/27 MP: 9/9
   167 | D        | Reached XP level 4. HP: 34/34 MP: 10/10
   169 | D        | Killed a wolf
   170 | D        | Reached skill level 5 in Fighting
   170 | D        | Reached skill level 5 in Spellcasting
   170 | D        | Reached skill level 7 in Conjurations
   170 | D        | Reached XP level 5. HP: 39/39 MP: 12/13
   172 | D        | Killed a black bear
   173 | D        | Reached skill level 5 in Shields
   173 | D        | Reached XP level 6. HP: 46/46 MP: 8/15
   180 | D        | Got the staff of air "Myorch" {rElec Str+2}
   188 | D        | Learned a level 3 spell: Dazzling Flash
   193 | D        | Learned a level 4 spell: Fulminant Prism
   244 | D        | Entered arena 4.
   244 | D        | Noticed a merfolk
   244 | D        | Noticed a merfolk
   244 | D        | Noticed a merfolk
   244 | D        | Noticed a merfolk
   244 | D        | Found a transporter.
   254 | D        | Killed a merfolk
   254 | D        | Reached ** piety under Vehumet
   254 | D        | Killed a merfolk
   254 | D        | Killed a merfolk
   255 | D        | Reached skill level 5 in Dodging
   255 | D        | Reached skill level 8 in Conjurations
   255 | D        | Reached skill level 5 in Hexes
   255 | D        | Reached XP level 7. HP: 54/54 MP: 17/17
   255 | D        | Reached XP level 8. HP: 60/60 MP: 18/18
   255 | D        | Killed a merfolk
   255 | D        | Reached *** piety under Vehumet
   261 | D        | Learned a level 4 spell: Iskenderun's Mystic Blast
   294 | D        | Entered arena 5.
   294 | D        | Found the amulet of Vitality {RegenMP++ Regen++}
   294 | D        | Noticed a yak
   294 | D        | Found a transporter.
   297 | D        | Offered knowledge of Static Discharge by Vehumet.
   298 | D        | Reached skill level 9 in Conjurations
   298 | D        | Reached skill level 1 in Evocations
   298 | D        | Killed a yak
   298 | D        | Reached **** piety under Vehumet
   370 | D        | Entered arena 6.
   370 | D        | Found a transporter.
   374 | D        | Reached ***** piety under Vehumet
   385 | D        | Entered arena 7.
   395 | D        | Reached XP level 9. HP: 67/67 MP: 21/21
   406 | D        | Found a transporter.
   421 | D        | Entered arena 8.
   425 | D        | Reached ****** piety under Vehumet
   428 | D        | Reached skill level 5 in Fire Magic
   432 | D        | Found a transporter.
   458 | D        | Learned a level 5 spell: Fireball
   462 | D        | Learned a level 3 spell: Tukima's Dance
   462 | D        | Entered arena 9.
   462 | D        | Found the +8 arc blade {discharge, rElec}
   462 | D        | Found the +8 Wrath of Trog {antimagic, *Rage Rampage}
   462 | D        | Noticed Ruutumir the pandemonium lord
   465 | D        | Offered knowledge of Kindle Blastsparks by Vehumet.
   466 | D        | Reached skill level 10 in Conjurations
   477 | D        | Found a transporter.
   478 | D        | Blown up by Ruutumir the pandemonium lord

Illustrated notes

Levels and vault maps discovered:
D:        sprint_v [room_start, room_1, room_2, room_3, room_4, room_5, room_6,
          room_7, room_8, room_9, room_10, room_11, room_12, room_13, room_14,
          room_15, room_16, room_17, room_18, room_19, room_20, room_21,
          room_22, room_23, room_24, room_25, room_26, room_27]

Skill      XL: |  1  2  3  4  5  6  7  8  9 |
---------------+----------------------------+-----
Fighting       | 3 4 5 6 7 8 9 |  9.3
Dodging        | 3 5 7 |  7.0
Spellcasting   | 3 4 5 6 7 8 |  8.8
Conjurations   | 5 6 7 8 9 10 | 10.2
Hexes          | 3 5 |  5.6
Shields        | 3 4 5 6 7 |  7.1
Translocations | 3 4 |  4.9
Evocations     | 2 |  2.2
Fire Magic     | 7 |  7.0
Stealth        | |  2.6

Action                     |  1- 3 |  4- 6 |  7- 9 || total
---------------------------+-------+-------+-------++-------
   Cast: Searing Ray       |     2 |     3 |     8 ||    13
         Fulminant Prism   |       |     4 |    13 ||    17
         Dazzling Flash    |       |     2 |     3 ||     5
         Magic Dart        |       |       |     3 ||     3
         Iskenderun's Myst |       |       |     5 ||     5
         Fireball          |       |       |     2 ||     2
  Evoke: Wand              |     1 |       |       ||     1
    Use: Potion            |     1 |     2 |     1 ||     4
         Scroll            |       |       |     1 ||     1
  Dodge: Dodged            |       |     6 |       ||     6
  Block: Kite shield       |     4 |    24 |    12 ||    40

Table legend: (Time is in decaauts)
 A = Elapsed time spent in this place.
 B = Non-inter-level travel time spent in this place.
 C = Inter-level travel time spent in this place.
 D = Time resting spent in this place.
 E = Time spent auto-exploring this place.
 F = Levels seen in this place.
 G = Mean time per level.
                   A        B        C        D        E       F      G
               +--------+--------+--------+--------+--------+-----+--------+
         Total |    472 |    430 |     42 |    190 |     25 |   1 |  472.0 |
       Dungeon |    472 |    430 |     42 |    190 |     25 |   1 |  472.0 |
               +--------+--------+--------+--------+--------+-----+--------+

Top non-repeatable levels by time:
       D: 472 daAuts
